 Dungeon Crawl Stone Soup version 0.27.1-3-gb3d3a73c9e (webtiles) character file.

Game seed: 6190424310414883273

11247 Eitelfritz the Zephyrmancer (level 11, -11/59 HPs)
             Began as a Tengu Air Elementalist on Oct 25, 2021.
             Was a Follower of Vehumet.
             Mangled by a boulder beetle (36 damage)
             ... on level 11 of the Dungeon.
             The game lasted 00:52:20 (15937 turns).

Eitelfritz the Zephyrmancer (TeAE)                 Turns: 15937, Time: 00:52:20

Health: -11/59     AC:  7    Str: 10    XL:     11   Next: 74%
Magic:  1/25       EV: 32    Int: 18    God:    Vehumet [*.....]
Gold:   530        SH:  0    Dex: 14    Spells: 11/29 levels left

rFire    . . .     SeeInvis +   b - staff of air
rCold    . . .     Faith    .   (no shield)
rNeg     + . .     Spirit   .   c - +2 robe {rN+}
rPois    .         Reflect  .   (helmet restricted)
rElec    +         Harm     .   (no cloak)
rCorr    .         Rampage  .   r - +2 pair of gloves
Will     .....                  (boots unavailable)
Stlth    +++.......             n - amulet of the acrobat
HPRegen  0.19/turn              d - ring of see invisible
MPRegen  0.19/turn              (no ring)

@: acrobatic, flying quickly and evasively, quick
A: beak, talons 3, nimble flight
a: Renounce Religion


You were on level 11 of the Dungeon.
You worshipped Vehumet.
Vehumet was aware of your devotion.
You visited 2 branches of the dungeon, and saw 12 of its levels.
You also visited: Sewer.

You collected 530 gold pieces.

Inventory:

Hand Weapons
 a - a +2 quarterstaff
 z - a +2 halberd of venom
Missiles
 j - 2 javelins
Armour
 c - a +2 robe of positive energy (worn)
 o - a +2 robe of cold resistance
 r - a +2 pair of gloves (worn)
 F - a +2 leather armour of cold resistance
Magical Staves
 b - a staff of air (weapon)
Jewellery
 d - a ring of see invisible (left hand)
 n - an amulet of the acrobat (around neck)
 E - an amulet of regeneration
Wands
 t - a wand of acid (11)
 w - a wand of mindburst (9)
 B - a wand of charming (9)
Scrolls
 l - a scroll of fog
 u - 3 scrolls of vulnerability
 v - a scroll of summoning
 x - 2 scrolls of teleportation
 y - a scroll of magic mapping
Potions
 e - a potion of attraction
 f - 6 potions of curing
 g - 6 potions of heal wounds
 h - 2 potions of lignification
 i - 4 potions of mutation
 k - 2 potions of ambrosia
 m - 6 potions of flight
 p - a potion of might
 q - a potion of cancellation
 s - 3 potions of haste
 D - a potion of invisibility
 G - a potion of berserk rage {unknown}
Miscellaneous
 C - a condenser vane


   Skills:
 + Level 2.8 Fighting
 + Level 4.5 Staves
 + Level 5.4 Dodging
 + Level 4.4 Stealth
 + Level 0.5 Unarmed Combat
 + Level 9.9 Spellcasting
 + Level 10.0 Conjurations
 + Level 1.4 Hexes
 + Level 13.1 Air Magic


You had 11 spell levels left.
You knew the following spells:

 Your Spells              Type           Power      Damage    Failure   Level
a - Shock                 Conj/Air       100%       1d9       1%          1
b - Static Discharge      Conj/Air       66%        N/A       1%          2
c - Swiftness             Air            71%        N/A       1%          3
d - Airstrike             Air            35%        N/A       1%          4
e - Passwall              Tmut/Erth      6%         N/A       12%         2
f - Slow                  Hex            14%        N/A       7%          2
g - Confusing Touch       Hex            14%        N/A       13%         3
h - Apportation           Tloc           16%        N/A       9%          1

Your spell library contained the following spells:

 Spells                   Type           Power      Damage    Failure   Level
 Sandblast                Erth           16%        2d6       9%          1
 Dazzling Flash           Conj/Hex       58%        N/A       2%          3
 Beastly Appendage        Tmut           16%        N/A       9%          1
 Silence                  Hex/Air        25%        N/A       11%         5
 Wereblood                Tmut           8%         N/A       12%         2
 Spider Form              Tmut/Pois      4%         N/A       24%         3
 Vampiric Draining        Necr           4%         2d6       24%         3
 Agony                    Necr           8%         N/A       92%         5
 Alistair's Intoxication  Tmut/Pois      5%         N/A       92%         5
 Lee's Rapid Deconstruct  Erth           4%         3d6*      92%         5
 Invisibility             Hex            7%         N/A       100%        6


Dungeon Overview and Level Annotations

Branches:
Dungeon (11/15)            Temple (1/1) D:7            Lair (0/6) D:9
    Orc (0/2) D:10          Sewer (visited)

Altars:
Ashenzari
Cheibriados
Dithmenos
Elyvilon
Fedhas
Gozag
Hepliaklqana
Kikubaaqudgha
Makhleb
Nemelex Xobeh
Okawaru
Qazlal
Ru
Sif Muna
Trog
Uskayaw
Vehumet
Wu Jian
Xom
Yredelemnul
Zin
The Shining One
Lugonu

Shops:
D:3 (   D:9 =

Annotations:
D:11 3 runed translucent doors, Sopaderocas's ghost, novice TeCj


Innate Abilities, Weirdness & Mutations

You have a beak for a mouth.
You have claws for feet.
Your magical nature lets you fly swiftly and evasively.


Message History

Press: ? - help, Dir - move target, f/p - boulder beetle
Aim: a boulder beetle (heavily wounded)
You feel a surge of power!
The air twists around and strikes the boulder beetle!
The boulder beetle is severely wounded.
The boulder beetle leaps!
Casting: Airstrike (safe; 1% risk of failure)
Confirm with . or Enter, or press ? or * to list all spells.
Aiming: Shock (safe; 1% risk of failure)
Press: ? - help, Shift-Dir - straight line, f/p - boulder beetle
Aim: a boulder beetle (severely wounded, 100% to hit)
You feel a surge of power!
The zap hits the boulder beetle but does no damage.
The boulder beetle is severely wounded.
Okay, then.
Unknown command.
Unknown command.
You hit the boulder beetle.
You claw the boulder beetle, but do no damage.
The boulder beetle is severely wounded.
The boulder beetle bites you!
You hit the boulder beetle but do no damage.
The boulder beetle is severely wounded.
The boulder beetle bites you!!
You hit the boulder beetle but do no damage.
You claw the boulder beetle, but do no damage.
You peck the boulder beetle, but do no damage.
The boulder beetle is severely wounded.
The boulder beetle leaps!
Casting: Shock (safe; 1% risk of failure)
Confirm with . or Enter, or press ? or * to list all spells.
Aiming: Shock (safe; 1% risk of failure)
Press: ? - help, Shift-Dir - straight line, f/p - boulder beetle
Aim: a boulder beetle (severely wounded, 100% to hit)
You feel a surge of power!
The zap hits the boulder beetle.
The boulder beetle is severely wounded.
The boulder beetle curls into a ball and begins rolling!
The boulder beetle hits you!!!
Ouch! That really hurt!
You die...

..........#########........
..........#......##........
##.......##......##........
#...............###.......
#...........#### #..).....
.............# #........
........°....# #.......#
.......°.°B..# ###...###
..........@..# #...#
.........(..# #...#
....^.......# .........##
.........# ........##
.###..... ##....


You could see a boulder beetle (rolling).

Vanquished Creatures
  3 two-headed ogres
  Pikel (D:4)
  A cyclops (D:10)
  3 centaur zombies
  A gargoyle (D:11)
  A komodo dragon (D:9)
  2 trolls
  2 hornets (D:10)
  A meliai zombie (D:10)
  9 yaks
  A shadow (D:11)
  A wraith (D:11)
  A vampire (D:10)
  3 vampire mosquitoes (D:10)
  An acid dragon (D:8)
  3 ice beasts (D:7)
  6 orc warriors
  2 black bears
  2 sky beasts
  3 ogres
  2 centaurs
  A kobold brigand (Sewer)
  2 gnoll sergeants
  Blork the orc (D:4)
  A bullfrog (D:7)
  3 scorpions
  A water moccasin skeleton (D:6)
  11 wights
  2 electric eels (D:7)
  6 hounds
  A bullfrog skeleton (D:5)
  A bullfrog zombie (D:7)
  2 centaur skeletons
  A gnoll shaman (D:5)
  6 orc priests
  Jessica (D:2)
  3 iguanas
  10 orc wizards
  A killer bee zombie (D:6)
  A hound skeleton (D:4)
  A howler monkey zombie (D:11)
  Robin (D:4)
  6 adders
  18 gnolls
  3 river rats (Sewer)
  A shadow imp (D:6)
  2 ufetubi (D:4)
  2 adder skeletons (D:4)
  4 dart slugs
  3 worms
  33 orcs
  10 ball pythons
  4 bats
  5 endoplasms
  2 giant cockroaches
  15 goblins
  10 hobgoblins
  5 jackals
  5 quokkas
  4 frilled lizards
  14 kobolds
  A quokka skeleton (D:4)
  4 rats
257 creatures vanquished.

Vanquished Creatures (others)
  4 fungi (D:7)
  30 plants
34 creatures vanquished.

Grand Total: 291 creatures vanquished

Notes
Turn   | Place    | Note
-------+----------+-------------------------------------------
     0 | D:1      | Eitelfritz the Tengu Air Elementalist began the quest for
                  | the Orb.
     0 | D:1      | Reached XP level 1. HP: 10/10 MP: 4/4
   358 | D:1      | Reached XP level 2. HP: 15/15 MP: 4/6
   361 | D:1      | Learned a level 2 spell: Static Discharge
   778 | D:1      | Reached XP level 3. HP: 19/19 MP: 5/7
   782 | D:1      | Learned a level 3 spell: Swiftness
  1403 | D:2      | Found a faded altar of an unknown god.
  1733 | D:2      | Noticed Jessica
  1735 | D:2      | Killed Jessica
  1736 | D:2      | Reached XP level 4. HP: 24/24 MP: 5/9
  1798 | D:2      | Reached skill level 5 in Air Magic
  2316 | D:3      | Found a glowing golden altar of the Shining One.
  2712 | D:3      | Noticed a black bear
  2841 | D:3      | Gained mutation: Your magical nature lets you fly swiftly
                  | and evasively. [Tengu growth]
  2841 | D:3      | Reached XP level 5. HP: 28/28 MP: 0/11
  3172 | D:3      | Killed a black bear
  3596 | D:3      | Found Manoc's Weapon Boutique.
  3780 | D:4      | Noticed an ogre
  3811 | D:4      | Killed an ogre
  3812 | D:4      | Reached skill level 6 in Air Magic
  3812 | D:4      | Reached XP level 6. HP: 32/32 MP: 2/12
  3819 | D:4      | Noticed Pikel
  3921 | D:4      | Noticed a black bear
  4074 | D:4      | Found a glowing drain.
  4083 | Sewer    | Entered a sewer
  4410 | Sewer    | Reached XP level 7. HP: 26/36 MP: 2/14
  4554 | Sewer    | Found a white marble altar of Elyvilon.
  4594 | D:4      | Killed Pikel
  4595 | D:4      | Reached skill level 5 in Spellcasting
  4595 | D:4      | Reached skill level 5 in Conjurations
  4595 | D:4      | Reached skill level 7 in Air Magic
  4595 | D:4      | Reached XP level 8. HP: 37/42 MP: 8/16
  4824 | D:4      | Reached skill level 1 in Fighting
  5005 | D:4      | Noticed Blork the orc
  5019 | D:4      | Killed Blork the orc
  5020 | D:4      | Reached skill level 8 in Air Magic
  5258 | D:4      | Noticed Robin
  5269 | D:4      | Killed Robin
  5453 | D:4      | Learned a level 4 spell: Airstrike
  5456 | D:4      | Learned a level 2 spell: Passwall
  5459 | D:4      | Learned a level 2 spell: Slow
  5463 | D:4      | Learned a level 3 spell: Confusing Touch
  5649 | D:4      | You are sucked into a shaft and drop 3 floors!
  5658 | D:7      | Reached skill level 1 in Staves
  5712 | D:5      | Entered Level 5 of the Dungeon
  6269 | D:5      | Reached XP level 9. HP: 47/47 MP: 13/18
  6711 | D:5      | Found a broken altar of Ashenzari.
  7321 | D:6      | Reached skill level 9 in Air Magic
  7654 | D:6      | Found a shimmering altar of Xom.
  7655 | D:6      | Found a shimmering altar of Xom.
  7655 | D:6      | Found a shimmering altar of Xom.
  8487 | D:7      | Found a hazy altar of Hepliaklqana.
  8614 | D:7      | Found a staircase to the Ecumenical Temple.
  9534 | D:7      | Reached skill level 10 in Air Magic
  9966 | Temple   | Entered the Ecumenical Temple
 10185 | D:7      | Reached XP level 10. HP: 26/53 MP: 10/22
 10670 | D:8      | HP: 1/53 [acid (11)]
 11238 | D:8      | Noticed a two-headed ogre
 11253 | D:8      | Killed a two-headed ogre
 11355 | D:8      | Reached skill level 1 in Hexes
 11612 | D:8      | Reached skill level 11 in Air Magic
 11967 | D:8      | Found a radiant altar of Vehumet.
 11974 | D:8      | Became a worshipper of Vehumet
 11982 | D:8      | Found a stormy altar of Qazlal.
 11983 | D:8      | Found a shimmering blue altar of Sif Muna.
 11988 | D:8      | Found a sparkling altar of Nemelex Xobeh.
 12065 | D:9      | Noticed a two-headed ogre
 12069 | D:9      | Killed a two-headed ogre
 12299 | D:9      | Found an ornate altar of the Wu Jian Council.
 12429 | D:9      | Found Bautoar's Jewellery Shoppe.
 12490 | D:9      | Noticed a two-headed ogre
 12495 | D:9      | Killed a two-headed ogre
 12496 | D:9      | Reached skill level 12 in Air Magic
 12496 | D:9      | Reached XP level 11. HP: 58/58 MP: 10/24
 13028 | D:9      | Found a snail-covered altar of Cheibriados.
 13140 | D:9      | Found a staircase to the Lair.
 13154 | D:9      | Found a white marble altar of Elyvilon.
 13536 | D:9      | Learned a level 1 spell: Apportation
 13537 | D:10     | Entered Level 10 of the Dungeon
 13537 | D:10     | Noticed a cyclops
 13542 | D:10     | Killed a cyclops
 13547 | D:10     | Paralysed by a hornet for 1 turns
 13806 | D:10     | Reached skill level 5 in Dodging
 13816 | D:10     | Reached * piety under Vehumet
 13816 | D:10     | Offered knowledge of Sandblast by Vehumet.
 14007 | D:10     | Found a staircase to the Orcish Mines.
 15001 | D:10     | Identified the +2 dire flail "Jisia" {drain, *Noise rElec
                  | Str+2 Int+2}
 15533 | D:11     | Reached skill level 13 in Air Magic
 15765 | D:11     | Found a runed translucent gate.
 15765 | D:11     | Found a runed translucent gate.
 15765 | D:11     | Found a runed translucent gate.
 15766 | D:11     | Found an opulent altar of Gozag.
 15767 | D:11     | Noticed a red ugly thing
 15768 | D:11     | Noticed Sopaderocas's ghost (novice TeCj)
 15768 | D:11     | Noticed a brown ugly thing
 15814 | D:11     | Reached skill level 10 in Conjurations
 15915 | D:11     | Noticed a boulder beetle
 15937 | D:11     | Mangled by a boulder beetle

Illustrated notes

Levels and vault maps discovered:
D:1:      lightli_molten_gateway, layout_basic
D:2:      layout_basic, basic_ecumenical_altar, uniq_jessica
D:3:      layout_basic, mainiacjoe_overflow_cross_hatched, serial_shops, shop,
          serial_bayou_pond_b, serial_bayou_lagoon_a
D:4:      minmay_octagon_keep, layout_basic, cheibrodos_sewer_entry_bend,
          uniq_pikel, uniq_robin, uniq_blork_the_orc
D:5:      layout_rooms, nicolae_ashenzari_skybound,
          hangedman_decor_clover_reticule, minmay_misc_feat_nine_boxes
D:6:      layout_basic, xom_redecorated, kennysheep_generic_room_15
D:7:      layout_loops_corners, worldfamousw_hep_ancestral_shrine,
          minmay_temple_entry_wispy, water_boxes_lemuel
D:8:      layout_loops_ring, minitemple, minmay_misc_feat_square, st_stairs_3,
          minmay_holes
D:9:      layout_loops_cross, kennysheep_little_box, mainiacjoe_overflow_paths,
          kennysheep_mini_moat, david_lair_shrubbed, serial_shops,
          nicolae_shop_waterfront
D:10:     layout_loops_cross, erik_orc_3
D:11:     layout_cross, ebering_ghost_gozag
Temple:   kb_corrupted_temple

Skill      XL: |  1  2  3  4  5  6  7  8  9 10 11 |
---------------+----------------------------------+-----
Conjurations   | 2 3 4 5 6 7 8 10 | 10.0
Air Magic      | 5 6 7 8 10 12 13 | 13.1
Spellcasting   | 3 4 5 7 8 9 |  9.9
Dodging        | 3 4 5 |  5.4
Fighting       | 1 2 |  2.8
Stealth        | 3 4 |  4.4
Staves         | 2 3 4 |  4.5
Hexes          | 1 |  1.4
Unarmed Combat | |  0.5

Action                   |  1- 3 |  4- 6 |  7- 9 | 10-12 || total
-------------------------+-------+-------+-------+-------++-------
Melee: Unarmed           |     9 |     3 |       |     3 ||    15
       Peck              |     2 |       |    12 |    19 ||    33
       Kick              |     1 |     2 |    19 |    36 ||    58
       Quarterstaff      |       |     5 |    96 |       ||   101
       Staff             |       |       |       |   118 ||   118
 Cast: Shock             |    65 |   116 |   181 |   136 ||   498
       Static Discharge  |       |     2 |    23 |    43 ||    68
       Slow              |       |       |    10 |     1 ||    11
       Airstrike         |       |       |    11 |    41 ||    52
       Swiftness         |       |       |     1 |       ||     1
       Confusing Touch   |       |       |       |     5 ||     5
  Use: Scroll            |       |     2 |    11 |     7 ||    20
       Potion            |       |     2 |       |     2 ||     4
 Stab: Sleeping          |       |       |       |     3 ||     3
Armor: Robe              |     2 |    11 |    28 |    60 ||   101
Dodge: Dodged            |     5 |    60 |   114 |   171 ||   350
